 Dungeon Crawl Stone Soup version 0.21-a0-404-g291f19a (webtiles) character file.

485 sagitran the Slasher (level 6, -3/46 HPs)
             Began as a Demonspawn Gladiator on Oct 26, 2017.
             Slain by an ogre
             ... wielding a +0 giant club
              (21 damage)
             ... on level 5 of the Dungeon.
             The game lasted 00:17:14 (4461 turns).

sagitran the Slasher (Demonspawn Gladiator)         Turns: 4461, Time: 00:17:15

Health: -3/46      AC:  8    Str: 15    XL:     6   Next: 88%
Magic:  6/6        EV: 13    Int: 10    God:
Gold:   200        SH:  0    Dex: 15    Spells: 5/5 levels left

rFire    + . .     SeeInvis .   a - +0 long sword
rCold    x . .     Gourm    .   (no shield)
rNeg     . . .     Faith    .   b - +0 leather armour
rPois    .         Spirit   .   i - +1 helmet
rElec    .         Reflect  .   (no cloak)
rCorr    .         Harm     .   A - +0 pair of gloves
MR       .....                  E - +1 pair of boots
Stlth    ++........             (no amulet)
HPRegen  0.15/turn              k - ring of fire
MPRegen  0.10/turn              (no ring)

@: no status effects
A: spiny 1
a: no special abilities


You were on level 5 of the Dungeon.
You were not hungry.

You visited 1 branch of the dungeon, and saw 5 of its levels.

You collected 200 gold pieces.

Inventory:

Hand Weapons
 a - a +0 long sword (weapon)
 y - a +0 hunting sling
Missiles
 h - a throwing net (quivered)
 u - 4 tomahawks
Armour
 b - a +0 leather armour (worn)
 c - a +0 helmet
 i - a +1 helmet (worn)
 t - a +0 scale mail
 A - a +0 pair of gloves (worn)
 E - a +1 pair of boots (worn)
Jewellery
 k - a ring of fire (left hand)
Wands
 d - a wand of random effects (24/48)
 l - a wand of random effects (17/48)
 B - a wand of lightning (7/15)
Scrolls
 g - a scroll of remove curse
 m - 2 scrolls of recharging
 o - a scroll of random uselessness {unknown}
 p - 2 scrolls of magic mapping {unknown}
 q - 2 scrolls of noise {unknown}
 r - 2 scrolls of amnesia {unknown}
 v - 2 scrolls of fog {unknown}
 w - 2 scrolls of teleportation {unknown}
 x - a scroll of identify
 C - a scroll of immolation {unknown}
Potions
 e - a potion of curing
 j - a potion of agility {unknown}
 n - a potion of berserk rage
 D - a potion of resistance {unknown}
Comestibles
 f - 2 bread rations
 s - a meat ration


   Skills:
 + Level 2.8 Fighting
 + Level 5.4 Long Blades
 + Level 2.2 Throwing
 + Level 2.3 Armour
 + Level 3.6 Dodging
 + Level 1.1 Stealth


You had 5 spell levels left.
You didn't know any spells.

Dungeon Overview and Level Annotations

Branches:
Dungeon (5/15)
 Temple: D:4-7

Altars:
Dithmenos
Hepliaklqana
Xom

Shops:
D:4 [}:


Innate Abilities, Weirdness & Mutations

You are partially covered in sharp spines.


Message History

The gnoll is struck by your spines. The gnoll hits you with a spear.
The gnoll shouts!
You hit the gnoll.
You kill the gnoll!
You hear a shout!
You hit the ogre.
The ogre is lightly wounded.
The ogre is struck by your spines. The ogre hits you with a giant club!!
* * * LOW HITPOINT WARNING * * *
The ogre hits you but does no damage.
A jackal and a giant cockroach come into view.
The jackal barks!
A jackal comes into view.
The giant cockroach misses you.
You riposte.
You hit the giant cockroach.
You kill the giant cockroach!
Found a trident.
A jackal comes into view.
An adder skeleton comes into view.
The ogre is struck by your spines. The ogre hits you with a giant club!!
You die...

.# .# ## ########.# #.
........# ####. #.#.#..#
.... Z.....# #..
#.#.#O##########
####..####.##...@.O.hZh....#
.<....<.........##########.#
#####.#.#######. #.# #. .#
#. #h# #. .# #. #.# ## .# #.
######Z###### .. ..
#......h.h.Zh .# #.
#.####.###### .# ...#


You could see 2 ogres, a ball python zombie, 2 jackals and an adder skeleton
(dormant).

Vanquished Creatures
  A centaur (D:5)
  2 orc priests (D:4)
  3 orc wizards
  Terence (D:2)
  4 adders
  7 gnolls
  An ooze (D:1)
  5 worms
  4 dart slugs
  2 leopard geckos
  12 orcs
  4 giant cockroaches
  5 goblins
  12 hobgoblins
  4 jackals
  4 kobolds
  5 quokkas
  2 ball pythons (D:2)
  11 bats
  6 frilled lizards
  A jackal skeleton (D:2)
  12 rats
108 creatures vanquished.

Vanquished Creatures (others)
  An orc wizard (D:5)
  A worker ant (D:5)
  A leopard gecko (D:5)
  A giant cockroach (D:5)
4 creatures vanquished.

Grand Total: 112 creatures vanquished

Notes
Turn   | Place    | Note
-------+----------+-------------------------------------------
     0 | D:1      | sagitran the Demonspawn Gladiator began the quest for the Orb.
     0 | D:1      | Reached XP level 1. HP: 16/16 MP: 1/1
   410 | D:1      | Reached skill level 3 in Long Blades
   410 | D:1      | Gained mutation: You are partially covered in sharp spines. [demonic ancestry]
   410 | D:1      | Reached XP level 2. HP: 22/22 MP: 2/2
   669 | D:1      | Reached XP level 3. HP: 23/27 MP: 3/3
  1077 | D:2      | Found a hazy altar of Hepliaklqana.
  1417 | D:2      | Found a shadowy altar of Dithmenos.
  1424 | D:2      | Reached XP level 4. HP: 33/33 MP: 4/4
  1745 | D:3      | Noticed Terence
  1784 | D:3      | Reached skill level 4 in Long Blades
  1806 | D:3      | Reached skill level 1 in Armour
  2129 | D:2      | Killed Terence
  2129 | D:2      | Reached XP level 5. HP: 10/38 MP: 5/5
  3256 | D:3      | Reached XP level 6. HP: 46/46 MP: 6/6
  3468 | D:4      | Found Bov Farghydgh's Book Shop.
  3537 | D:4      | Reached skill level 5 in Long Blades
  3543 | D:4      | Reached skill level 1 in Stealth
  3811 | D:4      | Found Filopiybb's Gadget Emporium.
  3829 | D:4      | Found Totadech's Antique Armour Shoppe.
  3999 | D:5      | Entered Level 5 of the Dungeon
  3999 | D:5      | Found a shimmering altar of Xom.
  3999 | D:5      | Noticed an ice beast
  4461 | D:5      | Slain by an ogre

Vault maps used:
D:1:      lightli_arrival_maybe_door_vault
D:2:      nicolae_dithmenos_shadow_blocks, lemuel_coloured_pillars_altar,
          minmay_surrounded
D:3:      first_bread, uniq_terence
D:4:      serial_shops, nicolae_shop_trees, nicolae_shop_overgrown_old_shop,
          shop
D:5:      zin_treasury, xom_confusion_cloud, uniq_sigmund

Skill      XL: |  1  2  3  4  5  6 |
---------------+-------------------+-----
Long Blades    | 3 4 5 |  5.4
Dodging        | 3 |  3.6
Armour         | 1 2 |  2.3
Throwing       | 2 |  2.2
Stealth        | 1 |  1.1
Fighting       | |  2.8

Action                   |  1- 3 |  4- 6 || total
-------------------------+-------+-------++-------
Melee: Long sword        |    81 |   140 ||   221
Throw: Tomahawk          |       |    11 ||    11
       Throwing net      |       |     3 ||     3
  Use: Scroll            |       |     4 ||     4
       Potion            |       |     3 ||     3
 Stab: Held in net/web   |       |     1 ||     1
       Sleeping          |       |     1 ||     1
  Eat: Chunk             |     2 |     3 ||     5
       Royal jelly       |       |     1 ||     1
       Bread ration      |       |     1 ||     1
Armor: Leather armour    |    17 |    25 ||    42
Dodge: Dodged            |    78 |    82 ||   160
       Rpst.: Long sword |    28 |    30 ||    58

Table legend:
 A = Spawn XP
 B = Non-spawn XP
 C = Spawn XP percentage of total XP
 D = Spawn monster count
 E = Non-spawn monster count
 F = Spawn count percentage of total count
 G = Total turns spent on level
                    A         B        C        D         E        F      G
               +---------+---------+-------+---------+---------+-------+---------
         Total |       0 |     693 |   0.0 |       0 |     108 |   0.0 |  4461
               +---------+---------+-------+---------+---------+-------+---------
           D:1 |       0 |      49 |   0.0 |       0 |      25 |   0.0 |   887
           D:2 |       0 |     105 |   0.0 |       0 |      31 |   0.0 |  1413
           D:3 |       0 |     243 |   0.0 |       0 |      38 |   0.0 |   965
           D:4 |       0 |     165 |   0.0 |       0 |       9 |   0.0 |   781
           D:5 |       0 |     131 |   0.0 |       0 |       5 |   0.0 |   415
               +---------+---------+-------+---------+---------+-------+---------
